 Dungeon Crawl Stone Soup version 0.30.1-11-g7821555f0a (webtiles) character file.

Game seed: 5720518573421685094

87 fireball365 the Chopper (level 4, -1/40 HPs)
             Began as a Hill Orc Fighter on Dec 16, 2023.
             Slain by an orc priest
             ... wielding a +0 mace
              (2 damage)
             ... on level 3 of the Dungeon.
             The game lasted 00:04:02 (2009 turns).

fireball365 the Chopper (Hill Orc Fighter)          Turns: 2009, Time: 00:04:03

Health: -1/40      AC:  9    Str: 20    XL:     4   Next: 51%
Magic:  4/4        EV:  7    Int:  8    God:
Gold:   189        SH:  4    Dex: 10    Spells: 3/3 levels left

rFire   . . .        a - +0 war axe
rCold   + . .        c - +0 buckler
rNeg    . . .        q - +0 chain mail
rPois   .            (no helmet)
rElec   .            (no cloak)
rCorr   .            (no gloves)
SInv    .            (no boots)
Will    .....        (no amulet) Stlth
                     m - ring of protection from cold
HPRegen 0.26/turn    (no ring)
MPRegen 0.09/turn

%: no passive effects
@: no status effects
A: no striking features
a: Convert to Beogh


You were on level 3 of the Dungeon.
You visited 1 branch of the dungeon, and saw 3 of its levels.

You collected 189 gold pieces.

Inventory:

Hand Weapons
 a - a +0 war axe (weapon)
Armour
 b - a +0 scale mail
 c - a +0 buckler (worn)
 q - a +0 chain mail (worn)
Jewellery
 m - a ring of protection from cold (left hand)
Wands
 p - a wand of flame (31)
Scrolls
 g - a scroll of teleportation {unknown}
 h - a scroll of blinking {unknown}
 j - a scroll of vulnerability {unknown}
 k - 2 scrolls of identify
 n - a scroll of brand weapon {unknown}
 o - a scroll of enchant weapon {unknown}
Potions
 d - a potion of might
 e - a potion of haste {unknown}
 f - a potion of brilliance
 i - a potion of heal wounds {unknown}
 l - a potion of degeneration {unknown}


   Skills:
 + Level 4.2 Fighting
 + Level 4.2 Axes
 + Level 4.0 Armour
 + Level 0.1 Dodging
 + Level 3.8 Shields


You had 3 spell levels left.
You didn't know any spells.
Your spell library contained the following spells:

 Spells                   Type           Power      Damage    Failure   Level
 Magic Dart               Conj           0%         1d3       99%         1
 Searing Ray              Conj           0%         2d4       99%         2
 Fulminant Prism          Conj/Hex       0%         3d5       100%        4


Dungeon Overview and Level Annotations

Branches:
Dungeon (3/15)

Altars:


Message History

The orc barely misses you.
The orc priest shouts, "Surrender to Beogh and we'll let you live!" (press Y on the ability menu to convert to Beogh)
You hit the orc but do no damage. The orc hits you but does no damage.
You slash the orc!
You kill the orc!
Your Armour skill increases to level 4!
The orc priest barely misses you.
Things that are here:
a +0 flail; an orc corpse You see here a giant cockroach corpse.
You hit the orc priest.
The orc priest is moderately wounded.
The orc priest shouts, "Join the one true god or die!"
The orc priest calls down the wrath of Beogh upon you.
Beogh smites you! You block the orc priest's attack.
Unknown command.
You hit the orc priest.
The orc priest shouts, "Join the one true god or die!"
The orc priest is severely wounded.
You block the orc priest's attack.
The orc priest casts a cantrip, but nothing happens.
You see here 6 gold pieces.
Found an escape hatch in the ceiling.
The orc priest hits you but does no damage.
An orc wizard comes into view. It is wielding a +0 dagger.
The orc priest invokes the aid of Beogh against you.
Beogh smites you!
* * * LOW HITPOINT WARNING * * *
The orc priest shouts, "Join the one true god or die!"
The orc priest barely misses you.
You hit the orc priest.
The orc priest is almost dead.
The orc priest mumbles some strange prayers to Beogh against you.
Pain shoots through your body!
* * * LOW HITPOINT WARNING * * *
You closely miss the orc priest.
The orc priest is almost dead.
The orc priest hits you with a +0 mace.
You die...

.o ###.# ....#
#.#.# .
###.#.####
...###........#
..<........#
#..@.###
#.o....#
#.†).#.#
#.####.#.#>
#.........
#..###.#.#
#..###.#.##
#.........#
#..###.#..#


You could see an orc priest.

Vanquished Creatures
  2 adders
  2 worms
  An orc (D:3)
  5 endoplasms
  5 giant cockroaches
  9 goblins
  5 hobgoblins
  3 jackals (D:3)
  7 kobolds
  2 quokkas (D:2)
  4 ball pythons
  5 bats
  2 frilled lizards
  6 rats
58 creatures vanquished.

Notes
Turn   | Place    | Note
-------+----------+-------------------------------------------
     0 | D:1      | fireball365 the Hill Orc Fighter began the quest for the
                  | Orb.
     0 | D:1      | Reached XP level 1. HP: 19/19 MP: 1/1
   217 | D:1      | Reached XP level 2. HP: 22/27 MP: 2/2
   519 | D:1      | Reached XP level 3. HP: 33/33 MP: 3/3
  1335 | D:2      | Reached XP level 4. HP: 37/40 MP: 4/4
  2008 | D:3      | HP: 1/40 [orc priest/nerve-wracking pain (7)]
  2009 | D:3      | Slain by an orc priest

Illustrated notes

Levels and vault maps discovered:
D:1:      mrwooster_arrival_statue_3, layout_loops_ring, kennysheep_crisscross,
          minmay_small_reverse_x
D:2:      layout_basic, nrook_campfire
D:3:      layout_loops_ring

Skill      XL: |  1  2  3  4 |
---------------+-------------+-----
Fighting       | 4 |  4.2
Axes           | 3 4 |  4.2
Armour         | 4 |  4.0
Dodging        | |  0.1
Shields        | |  3.8

Action                     |  1- 3 |  4- 6 || total
---------------------------+-------+-------++-------
  Melee: War axe           |   108 |    57 ||   165
    Use: Scroll            |       |     1 ||     1
 Armour: Scale mail        |    68 |    12 ||    80
         Chain mail        |       |     9 ||     9
  Dodge: Dodged            |    62 |    21 ||    83
  Block: Buckler           |    33 |     8 ||    41
